 Dungeon Crawl Stone Soup version 0.30-b1-2-g02819fbbbe (webtiles) character file.

Game seed: 8325885739398627100

7133 ketsa the Basher (level 10, -8/80 HPs)
             Began as an Armataur Fighter on May 10, 2023.
             Was an Initiate of Gozag.
             Collided with a rock wall (14 damage)
             ... caused by a wretched star
             ... on level 1 of the Abyss.
             The game lasted 00:29:38 (9806 turns).

ketsa the Basher (Armataur Fighter)                 Turns: 9806, Time: 00:29:39

Health: -8/80      AC: 12    Str: 33    XL:     10   Next: 85%
Magic:  9/9        EV:  8    Int: 10    God:    Gozag
Gold:   1293       SH:  5    Dex:  9    Spells: 9/9 levels left

rFire   . . .        J - +6 whip "Murmur" {heavy, Fragile rC+ Str+2}
rCold   + . .        c - +0 buckler
rNeg    . . .        b - +0 scale mail
rPois   .            (no helmet)
rElec   .            n - +1 cloak
rCorr   .            k - +0 pair of gloves
SInv    .            (no barding)
Will    .....        (no amulet) Stlth
                     d - +6 ring of strength
HPRegen 0.00/turn    (no ring)
MPRegen 0.11/turn

%: roll
@: inhibited regen
A: large, rugged brown scales 3, deformed body, armoured tail, roll, long
tongue, awkward tongue, frail 1, low MP 1, inhibited regeneration
a: Renounce Religion, Potion Petition, Call Merchant, Bribe Branch


You were on level 1 of the Abyss.
You worshipped Gozag.
Gozag was most pleased with you.
You visited 3 branches of the dungeon, and saw 11 of its levels.
You visited the Abyss 1 time.

You collected 1517 gold pieces.
You paid 224 gold pieces to Gozag.

Inventory:

Hand Weapons
 a - a +0 flail
 y - the +6 whip of Wu Jian, Growing {flame, rC- Str+3 Int+4}
   (You found it on level 8 of the Dungeon)

   Str:       It affects your strength (+3).
   Int:       It affects your intelligence (+4).
   rC:        It makes you vulnerable to cold.
 J - the +6 whip "Murmur" (weapon) {heavy, Fragile rC+ Str+2}
   (You found it on level 7 of the Dungeon)

   Str:       It affects your strength (+2).
   rC:        It protects you from cold.
   Fragile:   It will be destroyed if unequipped.
 N - a +0 sling
Missiles
 o - 74 stones (quivered)
 r - 6 curare-tipped darts
 L - 5 poisoned darts
Armour
 b - a +0 scale mail (worn)
 c - a +0 buckler (worn)
 e - a +0 tower shield
 k - a +0 pair of gloves (worn)
 n - a +1 cloak (worn)
 q - a +0 ring mail
 G - a +0 ring mail
Jewellery
 d - a +6 ring of strength (left hand)
Wands
 g - a wand of roots (6)
 v - a wand of acid (1)
 F - a wand of paralysis (6)
Scrolls
 f - a scroll of fear
 m - a scroll of brand weapon
 t - 7 scrolls of teleportation
 w - 2 scrolls of butterflies {unknown}
 x - a scroll of enchant armour
 z - a scroll of blinking {unknown}
 A - a scroll of identify
 B - 2 scrolls of fog
 C - a scroll of vulnerability
 E - a scroll of amnesia {unknown}
 I - 2 scrolls of acquirement {unknown}
 M - 2 scrolls of poison {unknown}
Potions
 h - a potion of flight
 i - a potion of resistance
 j - a potion of curing
 l - 3 potions of degeneration
 s - a potion of attraction
 u - 3 potions of mutation
 D - a potion of lignification
 H - 2 potions of invisibility
 K - 2 potions of brilliance


   Skills:
 + Level 6.1 Fighting
 * Level 11.9 Maces & Flails
 - Level 1.0 Throwing
 + Level 8.7 Armour
 - Level 1.2 Stealth
 + Level 7.1 Shields


You had 9 spell levels left.
You didn't know any spells.
Your spell library contained the following spells:

 Spells                   Type           Power      Damage    Failure   Level
 Kiss of Death            Conj/Necr      0%         2d5       58%         1
 Magic Dart               Conj           0%         1d3       58%         1
 Call Imp                 Summ           0%         N/A       75%         2
 Poisonous Vapours        Pois/Air       0%         N/A       75%         2
 Searing Ray              Conj           0%         2d4       75%         2
 Sublimation of Blood     Necr           0%         N/A       75%         2
 Wereblood                Tmut           0%         N/A       75%         2
 Confusing Touch          Hex            0%         N/A       92%         3
 Mephitic Cloud           Conj/Pois/Air  0%         N/A       92%         3
 Dispel Undead            Necr           0%         3d6       100%        4
 Fulminant Prism          Conj/Hex       0%         3d5       100%        4
 Freezing Cloud           Conj/Ice/Air   0%         6-21      100%        5
 Summon Hydra             Summ           0%         N/A       100%        7


Dungeon Overview and Level Annotations

Branches:
Dungeon (9/15)             Temple (1/1) D:5            Lair (1/5) D:8
    Orc: D:9-12

Altars:
Cheibriados
Dithmenos
Elyvilon
Fedhas
Gozag
Hepliaklqana
Makhleb
Nemelex Xobeh
Qazlal
Ru
Trog
Uskayaw
Vehumet
Xom
Yredelemnul
Zin
The Shining One

Annotations:
D:3 exclusion: statue
D:4 Eustachio
D:9 Erolcha


Innate Abilities, Weirdness & Mutations

You are completely covered in rugged brown scales. (AC +3, +7% HP)
Armour fits poorly on your strangely shaped body.
You have a long armoured tail.
You roll when moving toward enemies. (Rampage)
Your long tongue fully drains potion bottles. (2x potion effects)
Your tongue gives you trouble enunciating. (1.5x scroll delay)
You are frail. (-10% HP)
Your magical capacity is low. (-10% MP)
You do not regenerate when monsters are visible.


Message History

The neqoxec hits you but does no damage.
You whack the neqoxec!
The neqoxec is severely wounded.
The neqoxec gestures at you.
Strange energies course through your body.
You feel less energetic.
You thrash the neqoxec!!
You kill the neqoxec!
You now have 1293 gold pieces (gained 8).
A deep elf elementalist comes into view.
It is wielding a +0 long sword.
The deep elf elementalist shouts!
Some walls begin to move on their own!
The deep elf elementalist gestures at you while chanting.
Some walls begin to move on their own!
You hear a shout!
You block the earth elemental's attack. The earth elemental hits you!!
You block the earth elemental's attack. The earth elemental misses you.
Some walls begin to move on their own!
A vampire mage comes into view.
A wretched star comes into view.
You hear rumbling.
You thrash the wretched star!!
Your tail-slap misses the wretched star.
The wretched star is moderately damaged.
You whack the wretched star!
The wretched star is heavily damaged.
The wretched star glows turbulently.
The lance of force hits you!
You are knocked back by the lance of force.
You slam into the rock wall!
You hit the wretched star.
The wretched star is heavily damaged.
The wretched star glows turbulently.
The lance of force hits you!!
* * * LOW HITPOINT WARNING * * *
You are knocked back by the lance of force.
You slam into the rock wall!
You die...
Your body crumbles into a pile of gold.

. # .#e.###E.#
....e.####.. .#
..# #..##.#
#..#.. . #.E##..
#.#....### #.#..#
.###.##......####
. ##...##E##
#..#.##.#.# # #..
#..@#
##.......#*.#
#...###. ##..#
##. .# .# .. .#
#.. .# ##. #


You could see a wretched star and 2 earth elementals.

Vanquished Creatures
  A two-headed ogre (D:8)
  A kobold demonologist (D:9)
  Grinder (D:5)
  A hornet (D:8)
  Sigmund (D:2)
  5 yaks (D:8)
  4 wyverns
  5 humans
  A neqoxec (Abyss:1)
  Edmund (D:4)
  5 water moccasins (D:8)
  A sky beast (D:7)
  3 orc warriors
  2 black bears
  An ice beast (D:7)
  4 centaurs
  A kobold brigand (D:8)
  7 bullfrogs
  A scorpion (D:6)
  A gnoll sergeant (D:9)
  A wight (D:9)
  7 killer bees
  A howler monkey (D:7)
  3 hounds
  8 orc priests
  2 jellies
  A sleepcap (D:7)
  Ijyb (D:3)
  12 orc wizards
  A mummy (D:8)
  5 adders
  4 gnolls (D:3)
  3 white imps
  2 dart slugs
  28 orcs
  3 bats
  8 endoplasms
  5 giant cockroaches
  8 goblins
  3 hobgoblins
  2 quokkas
  6 ball pythons
  2 frilled lizards
  A goblin zombie (D:8)
  7 kobolds
  An orc zombie (D:8)
  6 rats
178 creatures vanquished.

Vanquished Creatures (others)
  34 fungi (D:8)
  41 plants (D:8)
75 creatures vanquished.

Grand Total: 253 creatures vanquished

Notes
Turn   | Place    | Note
-------+----------+-------------------------------------------
     0 | D:1      | ketsa the Armataur Fighter began the quest for the Orb.
     0 | D:1      | Reached XP level 1. HP: 19/19 MP: 1/1
   223 | D:1      | Reached skill level 2 in Maces & Flails
   285 | D:1      | Reached XP level 2. HP: 26/26 MP: 2/2
   977 | D:2      | Reached skill level 3 in Maces & Flails
   983 | D:2      | Reached XP level 3. HP: 30/32 MP: 3/3
  1154 | D:2      | Noticed Sigmund
  1164 | D:2      | Killed Sigmund
  1165 | D:2      | Reached skill level 5 in Maces & Flails
  1165 | D:2      | Reached XP level 4. HP: 21/39 MP: 4/4
  1165 | D:2      | Reached XP level 5. HP: 24/44 MP: 5/5
  1605 | D:3      | Found a faded altar of an unknown god.
  1624 | D:3      | Prayed at the altar of an unknown god.
  1624 | D:3      | Became a worshipper of Gozag Ym Sagoz the Greedy
  2002 | D:3      | Found a hazy altar of Hepliaklqana.
  2127 | D:3      | Found a shadowy altar of Dithmenos.
  2127 | D:3      | Found a white marble altar of Elyvilon.
  2161 | D:3      | Found a radiant altar of Vehumet.
  2161 | D:3      | Noticed a frost-covered statue
  2379 | D:3      | Reached XP level 6. HP: 32/53 MP: 6/6
  2669 | D:4      | Reached skill level 6 in Maces & Flails
  2740 | D:4      | You fall into a shaft and drop 2 floors!
  2846 | D:6      | Found a blossoming altar of Fedhas.
  2882 | D:6      | Noticed a wyvern
  2888 | D:6      | Killed a wyvern
  2889 | D:6      | Reached XP level 7. HP: 8/59 MP: 7/7
  3151 | D:6      | Reached skill level 7 in Maces & Flails
  3161 | D:5      | Entered Level 5 of the Dungeon
  3376 | D:5      | Found a staircase to the Ecumenical Temple.
  3385 | Temple   | Entered the Ecumenical Temple
  3582 | D:5      | Reached skill level 1 in Stealth
  3747 | D:5      | Noticed Edmund
  3763 | D:4      | Killed Edmund
  3765 | D:4      | Noticed Eustachio
  3939 | D:4      | Noticed Ijyb
  3949 | D:4      | Reached skill level 8 in Maces & Flails
  3964 | D:3      | Killed Ijyb
  4740 | D:5      | Noticed Grinder
  4745 | D:5      | Paralysed by Grinder for 3 turns
  4787 | D:5      | Found a sacrificial altar of Ru.
  4865 | D:5      | Paralysed by Grinder for 3 turns
  4871 | D:5      | Paralysed by Grinder for 2 turns
  4902 | D:5      | Killed Grinder
  4903 | D:5      | Reached XP level 8. HP: 64/66 MP: 8/8
  5512 | D:6      | Found an opulent altar of Gozag.
  5513 | D:6      | Found a glowing silver altar of Zin.
  5589 | D:6      | Reached skill level 9 in Maces & Flails
  5965 | D:7      | Reached skill level 1 in Throwing
  5965 | D:7      | Reached skill level 5 in Armour
  6530 | D:7      | Found a burning altar of Makhleb.
  6533 | D:7      | Identified the +6 whip "Murmur" {heavy, Fragile rC+ Str+2}
  6982 | D:8      | Reached XP level 9. HP: 59/75 MP: 9/9
  7110 | D:8      | Reached skill level 10 in Maces & Flails
  7296 | D:8      | Found a sparkling altar of Nemelex Xobeh.
  7305 | D:8      | Reached skill level 5 in Shields
  7358 | D:8      | Found a staircase to the Lair.
  7592 | Lair:1   | Entered Level 1 of the Lair of Beasts
  7592 | Lair:1   | Noticed a cane toad
  7593 | Lair:1   | Noticed a black mamba
  7657 | D:8      | Reached skill level 5 in Fighting
  7765 | D:8      | Identified the +6 whip of Wu Jian, Growing {flame, rC-
                  | Str+3 Int+4}
  7771 | D:8      | Reached XP level 10. HP: 68/86 MP: 10/10
  7958 | D:9      | Noticed a two-headed ogre
  8150 | D:9      | Reached skill level 11 in Maces & Flails
  8621 | D:8      | Killed a two-headed ogre
  9734 | D:9      | Noticed Erolcha
  9746 | Abyss:1  | Cast into level 1 of the Abyss (Erolcha)
  9764 | Abyss:1  | Gained mutation: You are frail. (-10% HP) [a neqoxec]
  9766 | Abyss:1  | Gained mutation: You do not regenerate when monsters are
                  | visible. [a neqoxec]
  9769 | Abyss:1  | Gained mutation: Your magical capacity is low. (-10% MP) [a
                  | neqoxec]
  9785 | Abyss:1  | Noticed a deep elf elementalist
  9799 | Abyss:1  | Noticed a vampire mage
  9803 | Abyss:1  | Noticed a wretched star
  9806 | Abyss:1  | Collided with a rock wall

Illustrated notes

Levels and vault maps discovered:
D:1:      amcnicky_arrival_wind_blow, layout_loops_corners
D:2:      layout_basic, uniq_sigmund
D:3:      layout_basic, worldfamousw_hep_ancestral_shrine, vehumet_statue,
          minitemple, basic_ecumenical_altar, st_stairs_10, chequers_arboretum
D:4:      layout_rooms, roderic_malta_cross, uniq_ijyb, uniq_eustachio
D:5:      layout_gridville, mainiacjoe_overflow_alcove_1,
          minmay_temple_entry_stoned_glass, uniq_edmund, uniq_grinder
D:6:      layout_basic, kennysheep_mini_moat,
          grunt_temple_overflow_gold_and_silver
D:7:      layout_basic, bloody_makhleb
D:8:      layout_basic, nemelex_xobeh_ov_fountains_minmay,
          due_lair_maze_entry_diamond, nicolae_ossuary_entry_giza,
          minmay_statues_item
D:9:      minmay_bubble_buster, layout_cross,
          hangedman_abyss_or_decor_jellyfish_corner, minmay_ruffians,
          uniq_erolcha
Temple:   nicolae_temple_superstar
Lair:1:   layout_hall_layers
Abyss:1:  base:
D:12

Skill      XL: |  1  2  3  4  5  6  7  8  9 10 |
---------------+-------------------------------+-----
Maces & Flails | 2 3 5 6 8 9 10 11 | 11.9
Stealth        | 1 |  1.2
Armour         | 4 5 7 8 |  8.7
Fighting       | 3 5 6 |  6.1
Throwing       | 1 |  1.0
Shields        | 4 5 7 |  7.1

Action                     |  1- 3 |  4- 6 |  7- 9 | 10-12 || total
---------------------------+-------+-------+-------+-------++-------
  Melee: Flail             |    68 |   109 |   193 |       ||   370
         Tailslap          |     7 |     5 |    40 |    14 ||    66
         Whip              |       |       |   129 |   146 ||   275
  Throw: Stone             |       |       |    13 |       ||    13
         Dart              |       |       |     6 |       ||     6
 Invoke: Potion Petition   |       |       |       |     1 ||     1
  Evoke: Wand              |       |       |       |     1 ||     1
    Use: Potion            |     4 |     1 |     3 |     5 ||    13
         Scroll            |       |     3 |    11 |       ||    14
   Stab: Distracted        |       |     1 |     1 |       ||     2
 Armour: Scale mail        |    30 |    74 |   141 |    72 ||   317
  Dodge: Dodged            |    17 |    26 |   100 |    75 ||   218
  Block: Buckler           |     8 |    13 |    45 |    37 ||   103
